 Dungeon Crawl Stone Soup version 0.32-a0-859-gb0a091d592 (webtiles) character file.

Game seed: 1428466395955804641

4049 SpaceCowgir3 the Carver (level 10, -4/77 HPs)
             Began as a Demonspawn Hunter on Mar 27, 2024.
             Was a Priest of Okawaru.
             Slain by a killer bee simulacrum (6 damage)
             ... on level 7 of the Dungeon.
             The game lasted 00:12:11 (6180 turns).

SpaceCowgir3 the Carver (Demonspawn Hunter)         Turns: 6180, Time: 00:12:11

Health: -4/77      AC:  7    Str: 12    XL:     10   Next: 4%
Magic:  13/13      EV: 10    Int:  9    God:    Okawaru [***...]
Gold:   433        SH: 10    Dex: 24    Spells: 13/13 levels left

rFire   . . .        d - +5 demon blade (freeze)
rCold   . . .        s - +0 buckler
rNeg    + . .        n - +0 ring mail of the Unbroken {Rampage Int+3}
rPois   .            (helmet restricted)
rElec   .            h - +0 cloak
rCorr   .            (no gloves)
SInv    .            (no boots)
Will    .....        (no amulet)
Stlth   ++           u - ring of positive energy
HPRegen 0.32/turn    (no ring)
MPRegen 0.13/turn

%: clarity, rampage
@: about to teleport
A: horns 2, condensation shield, agile 1, clarity, dopey 1
a: Renounce Religion, Heroism


You were on level 7 of the Dungeon.
You worshipped Okawaru.
Okawaru was most pleased with you.
You visited 2 branches of the dungeon, and saw 8 of its levels.

You collected 433 gold pieces.

Inventory:

Hand Weapons
 a - a +0 shortbow of freezing
 d - a +5 demon blade of freezing (weapon)
Missiles
 f - a throwing net
 r - a curare-tipped dart (quivered)
Armour
 h - a +0 cloak (worn)
 n - the +0 ring mail of the Unbroken (worn) {Rampage Int+3}
   (You found it on level 3 of the Dungeon)

   Int+3:     It affects your intelligence (+3).
   Rampage:   It bestows one free step when moving towards enemies.
 s - a +0 buckler (worn)
Jewellery
 u - a ring of positive energy (left hand)
Wands
 c - a wand of mindburst (17)
 i - a wand of flame (11)
 l - a wand of charming (11)
 p - a wand of roots (18)
Scrolls
 b - a scroll of butterflies
 e - a scroll of blinking
 g - a scroll of immolation
 j - 2 scrolls of vulnerability
 m - a scroll of fog
 o - a scroll of revelation
 q - a scroll of teleportation
 t - a scroll of identify
Potions
 k - a potion of cancellation {unknown}


   Skills:
 * Level 6.3 Fighting
 * Level 9.3 Long Blades
 - Level 4.6 Ranged Weapons
 - Level 0.5 Throwing
 * Level 4.7 Armour
 + Level 2.4 Dodging
 + Level 1.9 Stealth
 * Level 3.4 Shields
 - Level 2.0 Spellcasting


You had 13 spell levels left.
You didn't know any spells.
Your spell library contained the following spells:

 Spells                   Type           Power      Damage    Failure   Level
 Kiss of Death            Conj/Necr      0%         2d5       67%         1
 Slow                     Hex            0%         N/A       67%         1
 Cigotuvi's Dreadful Rot  Necr/Alch/Air  0%         N/A       82%         2
 Confusing Touch          Hex            0%         N/A       96%         3
 Hailstorm                Conj/Ice       0%         3d5       96%         3
 Teleport Other           Tloc           0%         N/A       96%         3
 Vampiric Draining        Necr           0%         2d6       96%         3
 Dispel Undead            Necr           0%         3d6       100%        4
 Ignite Poison            Fire/Alch      0%         N/A       100%        4
 Freezing Cloud           Conj/Ice/Air   0%         6-21      100%        5
 Dispersal                Tloc           0%         N/A       100%        6
 Gell's Gavotte           Tloc           0%         2d(11-16) 100%        6
 Permafrost Eruption      Ice/Erth       0%         2x4d2     100%        6
 Summon Ice Beast         Ice/Summ       Unusable   N/A       N/A         3
 Sculpt Simulacrum        Ice/Alch       Unusable   N/A       N/A         6

Dungeon Overview and Level Annotations

Branches:
Dungeon (7/15)             Temple (1/1) D:5

Altars:
Ashenzari
Cheibriados
Dithmenos
Gozag
Hepliaklqana
Kikubaaqudgha
Makhleb
Nemelex Xobeh
Okawaru
Qazlal
Ru
Sif Muna
Trog
Uskayaw
Xom
Yredelemnul

Shops:
D:4 !

Annotations:
D:6 1 exclusion


Innate Abilities, Weirdness & Mutations

You have a pair of horns on your head.
A meltable shield of frost defends you. (SH +4)
You are agile. (Dex +4, Str/Int -1)
You possess an exceptional clarity of mind.
You are dopey. (Int -2)


Message History

You are too injured to fight recklessly!
You are too injured to fight recklessly!
You are too injured to fight recklessly!
You are too injured to fight recklessly!
You are too injured to fight recklessly!
You are too injured to fight recklessly!
You are too injured to fight recklessly!
You are too injured to fight recklessly!
You are too injured to fight recklessly!
You are too injured to fight recklessly!
You are too injured to fight recklessly!
You are too injured to fight recklessly!
You are too injured to fight recklessly!
Unknown command.
The killer bee simulacrum misses you.
You barely miss the ice beast. You headbutt the ice beast!
The ice beast is moderately wounded.
You block the killer bee simulacrum's attack.
You block the ice beast's attack.
You closely miss the ice beast.
The ice beast is moderately wounded.
You block the ice beast's attack.
You closely miss the ice beast.
The ice beast is moderately wounded.
The killer bee simulacrum hits you. The killer bee simulacrum freezes you.
* * * LOW HITPOINT WARNING * * *
The killer bee simulacrum hits you but does no damage.
You block the ice beast's attack. The ice beast hits you.
* * * LOW HITPOINT WARNING * * *
The ice beast freezes you!
* * * LOW HITPOINT WARNING * * *
As you read the scroll of teleportation, it crumbles to dust.
You feel strangely unstable. The killer bee simulacrum misses you.
The ice beast hits you but does no damage.
The ice beast misses you. The killer bee simulacrum misses you.
You block the killer bee simulacrum's attack.
The killer bee simulacrum hits you.
* * * LOW HITPOINT WARNING * * *
The killer bee simulacrum freezes you.
You die...

#.#..# ..=.5.#..#..............
#.#..# ...$.##..#..............
###.##..##!?###...#..............
#....#...####....##..............
.....##.....(....#...............
##.#..#.....(...##.##............
#....##.......##..###.....⌠.....
###...###''Y###..## ##..........
###......Y.ZZ@## #.)......<#
######..##..# #.#......##
##..#.## ####.##...###
###..####....###### #
##..........## ##
###......##...######.
###.....♣..........##..
###.........P......#.....
##........P.♣P#.....####..


You could see 2 ice beasts, a killer bee simulacrum and a centaur simulacrum.

Vanquished Creatures
  The ghost of Spacecowgir2 the Skirmisher, a novice DsHu of Dithmenos (D:7)
  2 dream sheep (D:7)
  Duvessa (D:5)
  2 orc warriors
  2 black bears
  5 ice beasts
  2 ogres
  A centaur (D:7)
  A phantom (D:5)
  Blork the orc (D:5)
  A kobold brigand (D:4)
  2 bullfrogs (D:7)
  2 scorpions
  Dowan (D:5)
  9 wights
  6 jellies
  2 bombardier beetles
  A crimson imp (D:6)
  A quasit (D:7)
  2 gnoll boudas
  An orc priest (D:6)
  2 sleepcaps
  Jessica (D:3)
  3 iguanas
  5 orc wizards
  4 gnolls (D:6)
  8 adders
  A river rat (D:6)
  2 shadow imps (D:7)
  8 white imps
  2 ufetubi (D:7)
  3 ribbon worms
  5 dart slugs
  21 orcs
  11 ball pythons
  7 endoplasms
  4 giant cockroaches (D:3)
  7 goblins
  6 hobgoblins
  2 jackals (D:4)
  4 quokkas
  8 bats
  4 frilled lizards
  6 kobolds
  24 rats
194 creatures vanquished.

Notes
Turn   | Place    | Note
-------+----------+-------------------------------------------
     0 | D:1      | SpaceCowgir3 the Demonspawn Hunter began the quest for the
                  | Orb.
     0 | D:1      | Reached XP level 1. HP: 16/16 MP: 1/1
   236 | D:1      | Gained mutation: You have a pair of small horns on your
                  | head. [demonic ancestry]
   236 | D:1      | Reached XP level 2. HP: 22/22 MP: 2/2
   312 | D:1      | Found Xiacrose's Assorted Antiques.
   656 | D:2      | Reached XP level 3. HP: 26/27 MP: 3/3
   822 | D:2      | HP: 1/27 [ribbon worm (7)]
   825 | D:2      | Reached skill level 1 in Spellcasting
  1212 | D:2      | Identified a scroll of acquirement
  1212 | D:2      | Acquired a +3 demon blade of venom
  1385 | D:3      | Noticed Jessica
  1388 | D:3      | Killed Jessica
  1389 | D:3      | Reached XP level 4. HP: 33/33 MP: 5/5
  1517 | D:3      | Reached skill level 1 in Armour
  1746 | D:3      | Identified the +0 ring mail of the Unbroken {Rampage Int+3}
  1953 | D:3      | Reached skill level 1 in Long Blades
  2473 | D:4      | Reached XP level 5. HP: 39/39 MP: 7/7
  2502 | D:4      | Found Giriunomm's Distillery.
  2535 | D:4      | Gained mutation: Your spells are a little easier to cast,
                  | but a little less powerful. [potion of mutation]
  2535 | D:4      | Gained mutation: You occasionally lose the ability to drink
                  | potions when taking damage. [potion of mutation]
  2535 | D:4      | Gained mutation: You are agile. (Dex +4, Str/Int -1)
                  | [potion of mutation]
  2535 | D:4      | Gained mutation: You passively map a small area around you.
                  | [potion of mutation]
  2538 | D:4      | Lost mutation: Your spells are a little easier to cast, but
                  | a little less powerful. [potion of mutation]
  2538 | D:4      | Lost mutation: You passively map a small area around you.
                  | [potion of mutation]
  2538 | D:4      | Lost mutation: You occasionally lose the ability to drink
                  | potions when taking damage. [potion of mutation]
  2538 | D:4      | Gained mutation: You are dopey. (Int -2) [potion of
                  | mutation]
  2538 | D:4      | Gained mutation: You possess an exceptional clarity of
                  | mind. [potion of mutation]
  2587 | D:4      | Found a hazy altar of Hepliaklqana.
  2646 | D:4      | Reached skill level 2 in Long Blades
  2646 | D:4      | Reached skill level 1 in Stealth
  2690 | D:4      | Reached skill level 3 in Long Blades
  2690 | D:4      | Reached XP level 6. HP: 46/46 MP: 8/8
  2736 | D:4      | Reached skill level 4 in Long Blades
  2953 | D:5      | Entered Level 5 of the Dungeon
  3057 | D:5      | Gained mutation: A meltable shield of frost defends you.
                  | (SH +4) [demonic ancestry]
  3057 | D:5      | Reached XP level 7. HP: 24/51 MP: 10/10
  3186 | D:5      | Reached skill level 5 in Long Blades
  3265 | D:5      | Found a snail-covered altar of Cheibriados.
  3265 | D:5      | Noticed a torpor snail
  3265 | D:5      | Noticed a torpor snail
  3267 | D:5      | Noticed a torpor snail
  3397 | D:5      | Reached skill level 1 in Shields
  3499 | D:5      | Found a staircase to the Ecumenical Temple.
  3499 | D:5      | Noticed Blork the orc
  3506 | D:5      | Killed Blork the orc
  3513 | D:5      | Reached skill level 6 in Long Blades
  3513 | D:5      | Gained mutation: You have a pair of horns on your head.
                  | [demonic ancestry]
  3513 | D:5      | Reached XP level 8. HP: 31/58 MP: 11/11
  3812 | D:5      | Found a sacrificial altar of Ru.
  3835 | D:5      | Noticed Duvessa
  3836 | D:5      | Noticed Dowan
  3842 | D:5      | Killed Duvessa
  3845 | D:5      | Killed Dowan
  4047 | Temple   | Entered the Ecumenical Temple
  4079 | Temple   | Became a worshipper of Warmaster Okawaru
  4266 | D:6      | Reached skill level 7 in Long Blades
  4332 | D:6      | Found a stormy altar of Qazlal.
  4535 | D:6      | Reached * piety under Okawaru
  4550 | D:6      | Reached skill level 5 in Fighting
  4550 | D:6      | Reached XP level 9. HP: 44/68 MP: 12/12
  4620 | D:6      | Found a hide-covered altar of Uskayaw.
  4743 | D:6      | Found a glowing drain.
  4768 | D:6      | Found a sand-covered staircase.
  4792 | D:6      | Found a burning altar of Makhleb.
  5205 | D:7      | Reached ** piety under Okawaru
  5236 | D:7      | Reached skill level 8 in Long Blades
  5459 | D:7      | Found a runed translucent gate.
  5459 | D:7      | Found a runed translucent gate.
  5459 | D:7      | Found a runed translucent gate.
  5590 | D:7      | Found a bloodstained altar of Trog.
  5796 | D:7      | Noticed Spacecowgir2's ghost (novice DsHu)
  6061 | D:7      | Reached skill level 9 in Long Blades
  6156 | D:7      | Killed Spacecowgir2's ghost
  6156 | D:7      | Reached *** piety under Okawaru
  6157 | D:7      | Reached XP level 10. HP: 36/77 MP: 13/13
  6180 | D:7      | HP: 2/77 [killer bee simulacrum (5)]
  6180 | D:7      | Slain by a killer bee simulacrum

Illustrated notes

Levels and vault maps discovered:
D:1:      minmay_arrival_plants_in_alcoves, layout_loops_cross, serial_shops,
          nicolae_shop_real_fake_doors, supply_closet_lemuel,
          minmay_misc_feat_plants
D:2:      layout_rooms, minmay_door_square
D:3:      kennysheep_six_static_rooms, layout_rooms,
          mainiacjoe_overflow_catwalk, minmay_rat_hole, uniq_jessica
D:4:      layout_rooms, mainiacjoe_overflow_24_doors, serial_shops,
          nicolae_shop_industrial_runoff
D:5:      layout_basic, cheibriados_altar_2, general_overflow_altar,
          minmay_temple_entry_waves, uniq_duvessa, uniq_blork_the_orc
D:6:      layout_basic, marbit_many_paths, mainiacjoe_overflow_chevrons,
          makhleb_grotto_becter, nicolae_ossuary_entry_plus,
          portal_sewer_entry_a
D:7:      layout_cave_pods, bloody_trog, gammafunk_ghost_icy, serial_demonic,
          serial_demonic_b, serial_demonic_b, serial_demonic_b,
          serial_demonic_d, dreamdust_gnoll_shepherd
Temple:   nicolae_temple_ecumenical_triangle

Skill      XL: |  1  2  3  4  5  6  7  8  9 |
---------------+----------------------------+-----
Ranged Weapons | 4 |  4.6
Spellcasting   | 1 2 |  2.0
Armour         | 1 2 3 4 |  4.7
Long Blades    | 1 3 4 6 7 9 |  9.3
Stealth        | 1 |  1.9
Fighting       | 3 5 6 |  6.3
Dodging        | 2 |  2.4
Shields        | 1 2 3 |  3.4
Throwing       | |  0.5

Action                     |  1- 3 |  4- 6 |  7- 9 | 10-12 || total
---------------------------+-------+-------+-------+-------++-------
  Melee: Demon blade       |    12 |   122 |   190 |    14 ||   338
         Headbutt          |     2 |    17 |    28 |     2 ||    49
   Fire: Shortbow          |    99 |       |       |       ||    99
  Throw: Dart              |       |     5 |     7 |       ||    12
 Invoke: Heroism           |       |       |       |     1 ||     1
    Use: Scroll            |     6 |     4 |     4 |     1 ||    15
         Potion            |       |     2 |     8 |     1 ||    11
   Stab: Sleeping          |       |     2 |     2 |       ||     4
         Distracted        |       |       |     2 |       ||     2
 Armour: Leather armour    |    28 |       |       |       ||    28
         Ring mail         |       |    55 |    74 |    12 ||   141
         Chain mail        |       |    17 |       |       ||    17
  Dodge: Dodged            |    48 |    45 |    57 |    11 ||   161
  Block: Buckler           |       |    13 |    69 |    15 ||    97

Table legend: (Time is in decaauts)
 A = Elapsed time spent in this place.
 B = Non-inter-level travel time spent in this place.
 C = Inter-level travel time spent in this place.
 D = Time resting spent in this place.
 E = Time spent auto-exploring this place.
 F = Levels seen in this place.
 G = Mean time per level.
                   A        B        C        D        E       F      G
               +--------+--------+--------+--------+--------+-----+--------+
         Total |   6230 |   5727 |    503 |     68 |   4343 |   8 |  778.8 |
       Dungeon |   6184 |   5712 |    472 |     68 |   4343 |   7 |  883.4 |
        Temple |     46 |     15 |     31 |      0 |      0 |   1 |   46.0 |
               +--------+--------+--------+--------+--------+-----+--------+

Top non-repeatable levels by time:
     D:3: 1202 daAuts
     D:5: 1193 daAuts
     D:6: 994 daAuts
     D:7: 988 daAuts
     D:1: 660 daAuts
     D:2: 648 daAuts
     D:4: 496 daAuts
  Temple: 46 daAuts
